 Dungeon Crawl Stone Soup version 0.24.0-123-gd5b16e6ec5 (webtiles) character file.

Game seed: 651379121761336541, levelgen mode: deterministic

10322 DavidChitty2 the Destroyer (level 11, -1/97 HPs)
             Began as a Grey Draconian Conjurer on Jan 15, 2020.
             Was an Elder of Vehumet.
             Slain by a wight
             ... wielding a +2 mace
              (2 damage)
             ... on level 10 of the Dungeon.
             The game lasted 00:38:26 (16348 turns).

DavidChitty2 the Destroyer (DrCj)                  Turns: 16348, Time: 00:38:26

Health: -1/97      AC: 15    Str: 17    XL:     11   Next: 34%
Magic:  19/22      EV: 12    Int: 22    God:    Vehumet [****..]
Gold:   475        SH:  7    Dex: 11    Spells: 18/25 levels left

rFire    . . .     SeeInvis +   b - +9 long sword of Wiag Xinu {venom, rN+ Str+3 Int+3}
rCold    . . .     Gourm    .   F - +0 buckler
rNeg     + + .     Faith    .   (armour unavailable)
rPois    .         Spirit   .   Q - +0 hat
rElec    .         Reflect  +   P - +0 cloak {+Inv}
rCorr    +         Harm     .   (no gloves)
MR       .....                  H - +1 pair of boots "Mosmycomp" {rN+ Str+3}
Stlth    ++........             U - +3 amulet of reflection
HPRegen  0.26/turn              g - ring of resist corrosion
MPRegen  0.18/turn              z - ring of see invisible

@: slowed, lightly drained, very slow
A: walk through water, unfitting armour, unbreathing, cold-blooded, AC +12
a: Renounce Religion, Evoke Invisibility


You were on level 10 of the Dungeon.
You worshipped Vehumet.
Vehumet was greatly pleased with you.
You were not hungry.

You visited 2 branches of the dungeon, and saw 12 of its levels.
You also visited: Sewer.

You collected 670 gold pieces.
You spent 195 gold pieces at shops.

Inventory:

Hand Weapons
 a - a +3 hunting sling of velocity
   (You found it on level 3 of the Dungeon)
 b - the +9 long sword of Wiag Xinu (weapon) {venom, rN+ Str+3 Int+3}
   (You found it on level 6 of the Dungeon)

   It poisons the flesh of those it strikes.
   It affects your strength (+3).
   It affects your intelligence (+3).
   It protects you from negative energy.
 w - the +8 whip "Goxeb" {slash, rC++}
   (You found it on level 7 of the Dungeon)

   It inflicts extra damage upon your enemies.
   It greatly protects you from cold.
Missiles
 h - 195 stones
 k - 8 curare-tipped darts {!f}
 n - 110 poisoned darts (quivered)
 r - 85 sling bullets
Armour
 j - a +1 shield
   (You took it off a goblin on level 2 of the Dungeon)
 F - a +0 buckler (worn)
   (You found it on level 3 of the Dungeon)
 H - the +1 pair of boots "Mosmycomp" (worn) {rN+ Str+3}
   (You found it on level 6 of the Dungeon)

   It affects your strength (+3).
   It protects you from negative energy.
 P - a +0 cloak of invisibility (worn)
   (You took it off Maurice on level 8 of the Dungeon)
 Q - a +0 hat (worn)
   (You found it on level 8 of the Dungeon)
Jewellery
 g - a ring of resist corrosion (left hand)
   (You found it on level 1 of the Dungeon)
 z - a ring of see invisible (right hand)
   (You found it on level 3 of the Dungeon)
 O - the ring "Tustues" {Fire MR- Dex+7}
   (You found it on level 7 of the Dungeon)

   [ring of fire]

   It enhances your fire magic.
   It affects your dexterity (+7).
   It protects you from fire.
   It makes you vulnerable to cold.
   It affects your resistance to hostile enchantments.
 U - a +3 amulet of reflection (around neck)
   (You found it on level 2 of the Dungeon)
Wands
 t - a wand of flame (87)
   (You found it on level 3 of the Dungeon)
 u - a wand of paralysis (5)
   (You found it on level 11 of the Dungeon)
 v - a wand of digging (5)
   (You found it on level 6 of the Dungeon)
 B - a wand of scattershot (5)
   (You found it on level 5 of the Dungeon)
 D - a wand of polymorph (19)
   (You found it on level 3 of the Dungeon)
 S - a wand of enslavement (11)
   (You took it off Maurice on level 8 of the Dungeon)
Scrolls
 c - 8 scrolls of teleportation {@r4}
 d - 4 scrolls of enchant armour
 p - 8 scrolls of remove curse {@r2}
 q - a scroll of magic mapping
 y - a scroll of enchant weapon
 L - a scroll of holy word
 M - 2 scrolls of immolation {!r}
 R - a scroll of fog
Potions
 f - 2 potions of resistance
 i - 7 potions of curing {@q1}
 l - 2 potions of ambrosia {unknown}
 m - a potion of haste {unknown}
 o - 3 potions of mutation {unknown}
 s - a potion of invisibility {unknown}
 A - a potion of cancellation {unknown}
 C - 3 potions of might
 G - 3 potions of flight
 I - 3 potions of berserk rage
 J - 2 potions of agility
 K - a potion of lignification {unknown}
 N - 4 potions of brilliance {unknown}
Miscellaneous
 x - a phantom mirror
Comestibles
 e - 15 rations {!d}


   Skills:
 + Level 9.1(8.8) Fighting
 - Level 5.0(4.7) Long Blades
 - Level 1.9(1.6) Dodging
 - Level 1.7(1.5) Stealth
 - Level 4.1(3.8) Shields
 + Level 7.9(7.6) Spellcasting
 + Level 11.2(10.9) Conjurations
 - Level 5.0(4.7) Evocations


You had 18 spell levels left.
You knew the following spells:

 Your Spells              Type           Power        Failure   Level  Hunger
a - Magic Dart            Conj           ####         1%          1    None
s - Searing Ray           Conj           ######       1%          2    None
x - Iskenderun's Mystic   Conj           ######..     1%          4    ###....

Your spell library contained the following spells:

 Spells                   Type           Power        Failure   Level  Hunger
 Inner Flame              Hex/Fire       #.......     7%          3    None
 Shock                    Conj/Air       ####         1%          1    None
 Dazzling Spray           Conj/Hex       ####..       1%          3    None
 Static Discharge         Conj/Air       ####....     1%          3    None
 Stone Arrow              Conj/Erth      ####..       1%          3    None
 Sandblast                Erth           #.....       2%          1    None
 Force Lance              Conj/Tloc      ####....     2%          4    ###....
 Fulminant Prism          Conj/Hex       ####......   2%          4    ###....
 Lightning Bolt           Conj/Air       ####......   6%          5    #####..
 Animate Skeleton         Necr           N/A          8%          1    None
 Apportation              Tloc           #.....       8%          1    None
 Confusing Touch          Hex            #.....       8%          1    None
 Summon Small Mammal      Summ           #...         8%          1    None
 Passwall                 Tmut/Erth      #.......     12%         2    None
 Swiftness                Chrm/Air       #.......     12%         2    None
 Airstrike                Air            #.........   21%         4    ###....
 Confuse                  Hex            #.......     24%         3    None
 Gell's Gravitas          Tloc           #.........   24%         3    None
 Lee's Rapid Deconstruct  Erth           #.........   45%         5    #####..
 Yara's Violent Unravell  Hex/Tmut       #.........   45%         5    #####..
 Petrify                  Tmut/Erth      #.......     61%         4    ###....
 Metabolic Englaciation   Hex/Ice        #.........   91%         5    #####..


Dungeon Overview and Level Annotations

Branches:
Dungeon (11/15)            Temple (1/1) D:5            Lair (0/6) D:11
    Orc (0/2) D:10          Sewer (visited)

Altars:
Ashenzari
Cheibriados
Dithmenos
Elyvilon
Fedhas
Gozag
Hepliaklqana
Kikubaaqudgha
Makhleb
Nemelex Xobeh
Okawaru
Qazlal
Ru
Sif Muna
Trog
Uskayaw
Vehumet
Wu Jian
Xom
Yredelemnul
Zin
The Shining One

Shops:
D:6 !


Innate Abilities, Weirdness & Mutations

You can walk through water.
Your dull iron-grey scales are very hard. (AC +12)
You cannot fit into any form of body armour.
You can survive without breathing.
You are cold-blooded and may be slowed by cold attacks.


Message History

The wight hits you with a cursed +4 scimitar.
You partially resist.
You feel drained. The wight hits you with a +2 mace. You partially resist.
You feel drained. You block the wight's attack. The freezing wraith hits you.
The freezing wraith freezes you!!
You feel a terrible chill!
You feel yourself slow down.
The freezing wraith hits you but does no damage.
There is a stone staircase leading up here.
The wight hits you but does no damage. The wight barely misses you.
The freezing wraith closely misses you.
You riposte.
You closely miss the freezing wraith.
You tail-slap the freezing wraith, but do no damage.
The freezing wraith hits you. The freezing wraith drains your vigour!
You feel as though you will be slow longer.
The wight hits you but does no damage. You block the wight's attack.
You climb upwards.
There is a stone staircase leading down, spattered with blood here.
You're wearing all the rings you can.
Remove which one? (? for menu, Esc to cancel) < or
O - the ring "Tustues" {Fire MR- Dex+7} > or
z - a ring of see invisible You remove the ring "Tustues" {Fire MR- Dex+7}.
The wight misses you.
You riposte.
You slash the wight!
g - a ring of resist corrosion (left hand)
The wight closely misses you.
Aim: a freezing wraith The searing ray hits the wight!
You destroy the wight!
Vehumet accepts your kill.
You feel your power returning. (Press . to maintain the ray.)
The wight barely misses you. You block the freezing wraith's attack.
The freezing wraith hits you but does no damage.
The searing ray hits the freezing wraith.
The wight hits you with a +2 mace.
* * * LOW HITPOINT WARNING * * *
You partially resist.
You feel drained. The freezing wraith barely misses you.
You riposte.
You slash the freezing wraith!
You tail-slap the freezing wraith, but do no damage.
The freezing wraith misses you.
The searing ray hits the freezing wraith!
The freezing wraith hits you!
* * * LOW HITPOINT WARNING * * *
The freezing wraith freezes you!!
You feel as though you will be slow longer.
* * * LOW HITPOINT WARNING * * *
The freezing wraith hits you!
* * * LOW HITPOINT WARNING * * *
The wight hits you with a +2 mace.
You die...

#..#........#######
#..#...............
#.........#########
##.#.....## #
#.###.### # #.# #.#
# #z# #.# # #z###.#
# #@W...# # #######
# #


You could see a freezing wraith and 2 wights.

Vanquished Creatures
  The ghost of MackTheFife the Archer, a journeyman CeHu of Dithmenos (D:10)
  A two-headed ogre (D:6)
  The ghost of DrOrange the Ogre Mage, a novice OgWz of Sif Muna (D:7)
  Sonja (D:10)
  2 unseen horrors (D:10)
  Joseph (D:6)
  Maurice (D:8)
  A kobold demonologist (D:11)
  A troll (D:9)
  A hippogriff (D:7)
  Sigmund (D:4)
  A wraith (D:10)
  4 yaks (D:10)
  Menkaure (D:6)
  Duvessa (D:6)
  2 water moccasins
  3 ice beasts
  A sky beast (D:5)
  2 black bears
  5 orc warriors
  4 ogres
  A crocodile (Sewer)
  3 centaurs
  3 big kobolds
  3 bullfrogs
  Dowan (D:6)
  A wyvern skeleton (D:7)
  2 scorpions
  2 wights (D:10)
  3 jellies
  4 crimson imps
  A bullfrog zombie (D:6)
  6 hounds
  A bullfrog skeleton (D:4)
  8 orc priests
  An iguana (D:7)
  6 orc wizards
  7 worker ants
  A centaur simulacrum (D:7)
  A hound zombie (D:8)
  Robin (D:3)
  4 gnolls (D:6)
  18 adders
  3 shadow imps
  9 white imps
  2 adder skeletons (D:4)
  4 worms
  3 dart slugs
  2 adder simulacra (D:7)
  6 leopard geckos
  40 orcs
  6 giant cockroaches
  18 goblins
  6 hobgoblins
  18 jackals
  4 quokkas
  3 ball pythons
  11 bats
  5 frilled lizards
  23 kobolds
  A leopard gecko zombie (D:7)
  A quokka skeleton (D:4)
  4 rats
283 creatures vanquished.

Vanquished Creatures (others)
  An orc warrior (D:9)
  2 centaurs
  A kobold (D:11)
  2 bushes (D:4)
6 creatures vanquished.

Grand Total: 289 creatures vanquished

Notes
Turn   | Place    | Note
-------+----------+-------------------------------------------
     0 | D:1      | DavidChitty2 the Draconian Conjurer began the quest for the
                  | Orb.
     0 | D:1      | Reached XP level 1. HP: 14/14 MP: 3/3
   597 | D:1      | Reached XP level 2. HP: 13/22 MP: 0/5
  1010 | D:1      | Reached skill level 1 in Fighting
  1487 | D:1      | Learned a level 2 spell: Searing Ray
  2006 | D:2      | Reached XP level 3. HP: 28/28 MP: 4/6
  2609 | D:2      | Reached XP level 4. HP: 34/36 MP: 2/7
  2661 | D:2      | Learned a level 4 spell: Iskenderun's Mystic Blast
  2788 | D:2      | Found a hazy altar of Hepliaklqana.
  2795 | D:2      | Found a sparkling altar of Nemelex Xobeh.
  2799 | D:2      | Found an ancient bone altar of Kikubaaqudgha.
  2930 | D:2      | Reached skill level 1 in Shields
  3285 | D:3      | Reached skill level 5 in Conjurations
  3683 | D:3      | Reached XP level 5. HP: 34/41 MP: 2/9
  4247 | D:4      | Noticed Sigmund
  4257 | D:4      | Killed Sigmund
  4257 | D:4      | Reached XP level 6. HP: 47/50 MP: 6/10
  4587 | D:4      | Found a glowing drain.
  4618 | Sewer    | Entered a sewer
  4742 | Sewer    | Reached skill level 6 in Conjurations
  4947 | D:4      | Your scales start taking on a dull iron-grey colour.
  4947 | D:4      | Reached XP level 7. HP: 55/57 MP: 9/12
  4947 | D:4      | Gained mutation: You can survive without breathing. [Grey
                  | Draconian growth]
  4949 | D:4      | Noticed Robin
  4953 | D:4      | Found a blossoming altar of Fedhas.
  5057 | D:3      | Killed Robin
  5732 | D:4      | Found a shimmering blue altar of Sif Muna.
  6032 | D:5      | Entered Level 5 of the Dungeon
  6419 | D:5      | Found a staircase to the Ecumenical Temple.
  6425 | D:5      | Reached skill level 7 in Conjurations
  6435 | Temple   | Entered the Ecumenical Temple
  6564 | Temple   | Became a worshipper of Vehumet
  6759 | D:5      | Reached XP level 8. HP: 66/66 MP: 2/14
  6852 | D:5      | Found a glowing silver altar of Zin.
  6853 | D:5      | Found an opulent altar of Gozag.
  7539 | D:6      | Got an ivory long sword
  7544 | D:6      | Identified the +9 long sword of Wiag Xinu {venom, rN+ Str+3
                  | Int+3} (You found it on level 6 of the Dungeon)
  7568 | D:6      | Noticed Menkaure
  7580 | D:6      | Killed Menkaure
  7740 | D:6      | Noticed Duvessa
  7740 | D:6      | Noticed Dowan
  7749 | D:6      | Killed Duvessa
  7749 | D:6      | Reached skill level 5 in Fighting
  7749 | D:6      | Reached skill level 8 in Conjurations
  7756 | D:6      | Killed Dowan
  8032 | D:6      | Reached skill level 5 in Spellcasting
  8125 | D:6      | Found Gavith's Distillery.
  8131 | D:6      | Got a pair of faintly glowing boots
  8137 | D:6      | Identified the +1 pair of boots "Mosmycomp" {rN+ Str+3}
                  | (You found it on level 6 of the Dungeon)
  8140 | D:6      | Bought 2 potions of agility for 104 gold pieces
  8140 | D:6      | Bought a potion of curing for 39 gold pieces
  8140 | D:6      | Bought a potion of might for 52 gold pieces
  8149 | D:6      | Noticed a two-headed ogre
  8160 | D:6      | Killed a two-headed ogre
  8160 | D:6      | Reached skill level 9 in Conjurations
  8160 | D:6      | Reached XP level 9. HP: 73/75 MP: 15/17
  9082 | D:7      | Reached * piety under Vehumet
  9082 | D:7      | Offered knowledge of Shock by Vehumet.
  9090 | D:7      | Noticed Joseph
  9335 | D:7      | Found a runed translucent gate.
  9335 | D:7      | Found a runed translucent gate.
  9335 | D:7      | Found a runed translucent gate.
  9479 | D:7      | Noticed DrOrange's ghost (novice OgWz)
  9823 | D:6      | Killed Joseph
 10052 | D:7      | Reached skill level 10 in Conjurations
 10365 | D:7      | Reached skill level 1 in Long Blades
 10365 | D:7      | Reached skill level 1 in Evocations
 11009 | D:7      | Offered knowledge of Throw Frost by Vehumet.
 11011 | D:7      | Reached ** piety under Vehumet
 11043 | D:7      | Killed DrOrange's ghost
 11043 | D:7      | Reached XP level 10. HP: 50/86 MP: 6/19
 11353 | D:7      | Got a transparent whip
 11354 | D:7      | Identified the +8 whip "Goxeb" {slash, rC++} (You found it
                  | on level 7 of the Dungeon)
 11361 | D:7      | Got the ring "Tustues" {Fire}
 11871 | D:8      | Noticed Maurice
 11988 | D:8      | Killed Maurice
 12077 | D:8      | You fall into a shaft and drop 2 floors!
 12077 | D:10     | Entered Level 10 of the Dungeon
 12123 | D:10     | Noticed Sonja
 12310 | D:9      | Offered knowledge of Throw Flame by Vehumet.
 12947 | D:9      | Reached *** piety under Vehumet
 13564 | D:9      | Found a shimmering altar of Xom.
 13565 | D:9      | Found a burning altar of Makhleb.
 14363 | D:10     | Reached skill level 5 in Evocations
 14523 | D:10     | Offered knowledge of Throw Icicle by Vehumet.
 14588 | D:10     | Found a staircase to the Orcish Mines.
 14605 | D:10     | Killed Sonja
 14683 | D:10     | Noticed an unseen horror
 14700 | D:10     | Killed an unseen horror
 14700 | D:10     | Reached XP level 11. HP: 95/95 MP: 6/22
 14845 | D:10     | Noticed an unseen horror
 14856 | D:10     | Killed an unseen horror
 14856 | D:10     | Reached skill level 11 in Conjurations
 15495 | D:10     | Found a large runed translucent door.
 15495 | D:10     | Found a large runed translucent door.
 15503 | D:10     | Noticed MackTheFife's ghost (journeyman CeHu)
 15558 | D:10     | Killed MackTheFife's ghost
 15813 | D:11     | Reached skill level 5 in Long Blades
 15822 | D:11     | Reached **** piety under Vehumet
 15995 | D:11     | Offered knowledge of Inner Flame by Vehumet.
 15998 | D:11     | Noticed a fire dragon
 16016 | D:11     | Identified the ring "Tustues" {Fire MR- Dex+7} (You found
                  | it on level 7 of the Dungeon)
 16348 | D:10     | HP: 1/97 [freezing wraith (11)]
 16348 | D:10     | Slain by a wight

Levels and vault maps discovered:
D:1:      wander_arrival_desolate, layout_basic
D:2:      layout_basic, minmay_overflow_temple_star_quad
D:3:      minmay_wonky_spiral, layout_basic
D:4:      layout_loops_ring, fedhas_bush_and_centaur_altar,
          kennysheep_mini_moat, portal_sewer_entry_f, first_ration,
          minmay_distorted, uniq_sigmund, uniq_robin
D:5:      layout_basic, grunt_temple_overflow_gold_and_silver,
          minmay_temple_entry_mini_moons
D:6:      layout_gridville, serial_shops, nicolae_shop_crystal, uniq_menkaure,
          uniq_duvessa
D:7:      layout_loops_cross, gammafunk_ghost_icy, uniq_joseph
D:8:      layout_rooms, uniq_maurice
D:9:      layout_layer_cave, grunt_temple_overflow_champion_of_chaos
D:10:     layout_loops_ring, erik_orc_4, ebering_ghost_disaster_area, uniq_sonja
D:11:     layout_cave_pools, minmay_lair_entry_lava, portal_ice_cave_entry_imps,
          hangedman_ranch [blue_anna_fruit_fields]
Temple:   dshaligram_water_room_temple

Skill      XL: |  1  2  3  4  5  6  7  8  9 10 11 |
---------------+----------------------------------+-----
Fighting       | 1 2 3 4 6 7 8 9 |  9.1
Shields        | 1 2 3 4 |  4.1
Conjurations   | 5 6 7 9 10 11 | 11.2
Spellcasting   | 3 4 5 6 7 |  7.9
Long Blades    | 2 4 5 |  5.0
Evocations     | 3 5 |  5.0
Dodging        | |  1.9
Stealth        | |  1.7

Action                   |  1- 3 |  4- 6 |  7- 9 | 10-12 || total
-------------------------+-------+-------+-------+-------++-------
Melee: Unarmed           |    36 |       |       |       ||    36
       Tailslap          |     3 |     2 |     8 |     8 ||    21
       Dagger            |     3 |    25 |       |       ||    28
       Long sword        |       |     8 |    35 |    32 ||    75
 Fire: Hunting sling     |       |    30 |    26 |       ||    56
Throw: Dart              |     8 |    14 |     5 |       ||    27
 Cast: Magic Dart        |    79 |    89 |   281 |   358 ||   807
       Searing Ray       |     1 |     4 |    14 |    13 ||    32
       Iskenderun's Myst |       |       |     6 |    13 ||    19
 Abil: Evoke Invisibilit |       |       |       |     1 ||     1
  Use: Scroll            |     3 |     9 |     3 |     5 ||    20
       Potion            |       |       |     1 |     5 ||     6
 Stab: Invisible         |       |       |       |     3 ||     3
  Eat: Chunk             |     6 |     8 |    16 |    13 ||    43
       Ration            |       |       |     1 |     2 ||     3
Armor: Skin              |    23 |    19 |    49 |    76 ||   167
Dodge: Dodged            |    64 |    45 |    81 |   102 ||   292
Block: Buckler           |       |    18 |    55 |    83 ||   156
       Reflection        |       |     2 |     5 |    18 ||    25
       Rpst.: Long sword |       |     2 |    14 |    28 ||    44
